 Dungeon Crawl Stone Soup version 0.17-a0-2108-g65e8068 (webtiles) character file.

439 Kromin the Cleaver (level 6, -3/52 HPs)
             Began as a Minotaur Berserker on Oct 19, 2015.
             Was a Priest of Trog.
             Slain by Kromin's ghost (5 damage)
             ... on level 4 of the Dungeon.
             The game lasted 00:06:36 (2639 turns).

Kromin the Cleaver (Minotaur Berserker)             Turns: 2639, Time: 00:06:36

Health: -3/52      AC:  5    Str: 21 (24) XL:     6   Next: 70%
Magic:  5/5        EV: 11    Int:  4      God:    Trog [***...]
Gold:   221        SH:  0    Dex:  9      Spells: 0 memorised, 5 levels left

rFire  . . .     SeeInvis .     a - +0 hand axe
rCold  + . .     Clarity  .     v - +0 ring mail
rNeg   + . .     SustAt   .     (no shield)
rPois  .         Gourm    .     (helmet restricted)
rElec  .         Spirit   .     (no cloak)
rCorr  +         Warding  .     (no gloves)
rMut   .         Stasis   .     (no boots)
MR     .....                    u - amulet of resist corrosion
Stlth  ..........               q - ring of protection from cold
                                h - ring of positive energy

@: lethally poisoned (-3 -> -15), very slightly contaminated, hasted, very
quick, not resistant to hostile enchantments, extremely unstealthy
A: retaliatory headbutt, horns 2
a: Berserk, Trog's Hand, Burn Spellbooks, Renounce Religion


You were on level 4 of the Dungeon.
You worshipped Trog.
Trog was most pleased with you.
You were not hungry.

You visited 1 branch of the dungeon, and saw 4 of its levels.

You collected 221 gold pieces.

Inventory:

Hand Weapons
 a - a +0 hand axe (weapon)
Armour
 b - a +0 animal skin
 l - a +0 leather armour
 v - a +0 ring mail (worn)
Jewellery
 h - a ring of positive energy (left hand)
 q - a ring of protection from cold (right hand)
 u - an amulet of resist corrosion (around neck)
Wands
 y - a wand of polymorph (9)
Scrolls
 e - 5 scrolls of identify
 j - 3 scrolls of remove curse
 k - a scroll of noise {unknown}
 m - a scroll of magic mapping {unknown}
 n - a scroll of recharging {unknown}
 p - 3 scrolls of teleportation {unknown}
 r - a scroll of amnesia {unknown}
 A - a scroll of enchant weapon {unknown}
 C - a scroll of enchant armour {unknown}
Potions
 i - a potion of agility
 s - a potion of flight
 F - a potion of mutation {unknown}
Comestibles
 c - 6 bread rations
 w - a beef jerky
 z - a slice of pizza
 D - 5 fruits


   Skills:
 - Level 3.8 Fighting
 + Level 9.1 Axes
 - Level 2.5 Armour
 - Level 2.2 Dodging


You had 5 spell levels left.
You didn't know any spells.

Dungeon Overview and Level Annotations

Branches:
Dungeon (4/15)
 Temple: D:4-7

Altars:
Ashenzari
Elyvilon
Gozag
Makhleb
Sif Muna
Trog
Yredelemnul

Shops:
D:4 !

Annotations:
D:4 Kromin's ghost, amateur TeBe


Innate Abilities, Weirdness & Mutations

You reflexively headbutt those who attack you in melee.
You have a pair of horns on your head.


Message History

It was a potion of haste.
You feel yourself speed up.
You feel less woody.
Your +0 ring mail unmelds from your body.
You feel less exhausted. Kromin's ghost hits you.
* * * LOW HITPOINT WARNING * * *
You are very lightly contaminated with residual magic.
Drink which item? (? for menu, Esc to quit)
It was a potion of poison.
That liquid tasted very nasty...
You are lethally poisoned!
* * * LOW HITPOINT WARNING * * *
You feel sick.
Drink which item? (? for menu, Esc to quit)
It was a potion of degeneration.
There was something very wrong with that liquid.
You feel weakened.
* * * LOW HITPOINT WARNING * * *
You feel sick. Kromin's ghost hits you.
You die...

###........### #.......## ###
##.....## #.# ##.....##
##.#######.......##
#.....#...........####..
##.##....##............
####..####...W....### ..# #..#
#...@#..## ...# #.## #...##..#
...# #.# #...##..# ## #..
#####.# #...###.# #.###.##
#..#..# ##..####.#####.##..# #
#..#..# #...##.............#.#
###..#####.................##.#
##..........####..####)#.....
#.####......# #..####....###


You could see Kromin's ghost.

Vanquished Creatures
  A phantom (D:4)
  An ogre (D:4)
  A scorpion (D:4)
  A hound (D:2)
  2 worker ants
  Robin (D:3)
  An adder (D:2)
  4 gnolls (D:3)
  An ooze (D:1)
  3 worms
  3 giant geckos
  3 giant cockroaches
  11 goblins
  13 hobgoblins
  14 jackals
  A ball python (D:2)
  6 bats (D:2)
  2 giant newts (D:2)
  10 kobolds
  2 quokkas (D:2)
  7 rats
88 creatures vanquished.

Notes
Turn   | Place    | Note
--------------------------------------------------------------
     0 | D:1      | Kromin the Minotaur Berserker began the quest for the Orb.
     0 | D:1      | Reached XP level 1. HP: 19/19 MP: 0/0
    12 | D:1      | Reached skill level 4 in Axes
    19 | D:1      | Reached XP level 2. HP: 20/27 MP: 1/1
   521 | D:1      | Reached ** piety under Trog
   521 | D:1      | Reached XP level 3. HP: 28/33 MP: 2/2
   673 | D:2      | Reached skill level 5 in Axes
   703 | D:2      | Found a burning altar of Makhleb.
   707 | D:2      | Reached XP level 4. HP: 29/40 MP: 3/3
   794 | D:2      | Found a shattered altar of Ashenzari.
   817 | D:2      | Found an opulent altar of Gozag.
   859 | D:2      | Reached skill level 6 in Axes
   899 | D:2      | Found a white marble altar of Elyvilon.
  1406 | D:3      | Noticed Robin
  1431 | D:3      | Reached *** piety under Trog
  1435 | D:3      | Reached XP level 5. HP: 46/46 MP: 4/4
  1441 | D:3      | Killed Robin
  1452 | D:3      | Reached skill level 7 in Axes
  1807 | D:3      | Found a deep blue altar of Sif Muna.
  1896 | D:3      | Found a bloodstained altar of Trog.
  1960 | D:4      | Noticed a phantom
  1978 | D:4      | Killed a phantom
  1978 | D:4      | Reached skill level 8 in Axes
  1978 | D:4      | Reached XP level 6. HP: 13/52 MP: 5/5
  2484 | D:4      | Found a basalt altar of Yredelemnul.
  2588 | D:4      | Found Fastik's Distillery.
  2598 | D:4      | Noticed an ogre
  2609 | D:4      | Noticed Kromin's ghost (amateur TeBe)
  2610 | D:4      | Killed an ogre
  2610 | D:4      | Reached skill level 9 in Axes
  2639 | D:4      | HP: 2/52 [poison (a potion of poison)]
  2639 | D:4      | Slain by Kromin's ghost

Vault maps used:
D:1:      scummos_arrival_star, minmay_misc_feat_x
D:2:      elyvilon_altar_4, ashenzari_conservatory_becter,
          nicolae_gozag_cash_rules_everything_around_me, st_stairs_11,
          grunt_ministairs_3, makhleb_blood_cavern_becter
D:3:      lightli_temple_of_fire, first_bread, minmay_misc_feat_columns,
          lemuel_blue_sif_altar, uniq_robin
D:4:      minmay_door_path, lemuel_crystal_altar, serial_shops, shop

Action                   |  1- 3 |  4- 6 || total
-------------------------+-------+-------++-------
Melee: Hand axe          |    54 |   128 ||   182
Invok: Berserk           |       |     2 ||     2
Evoke: Wand              |       |     2 ||     2
  Use: Potion            |       |    10 ||    10
       Scroll            |       |     1 ||     1
  Eat: Chunk             |       |     5 ||     5
       Bread ration      |       |     1 ||     1
